 Dungeon Crawl Stone Soup version 0.28-a0-706-gf6f64a616a (webtiles) character file.

Game seed: 8231136213200298294

4902 ytrimaz the Protected (level 10, 0/83 HPs)
             Began as a Formicid Fighter on Oct 24, 2021.
             Was a Believer of Okawaru.
             Killed by divine providence
             ... invoked by an orc priest
              (14 damage)
             ... on level 9 of the Dungeon.
             The game lasted 00:18:21 (12546 turns).

ytrimaz the Protected (Formicid Fighter)           Turns: 12546, Time: 00:18:21

Health: 0/83       AC: 25    Str: 22 (24) XL:     10   Next: 80%
Magic:  10/11      EV: 10    Int:  6 (8)  God:    Okawaru [**....]
Gold:   279        SH:  6    Dex:  8 (10) Spells: 9/9 levels left

rFire   . . .      SeeInvis +   x - +1 war axe (vamp)
rCold   . . .      Faith    .   c - +0 buckler
rNeg    . . .      Spirit   .   t - +1 crystal plate armour
rPois   .          Reflect  .   (helmet unavailable)
rElec   .          Harm     .   (no cloak)
rCorr   .          Rampage  .   (no gloves)
Will    +....                   (no boots)
Stlth   ..........              (no amulet)
HPRegen 0.23/turn               s - +4 ring of evasion
MPRegen 0.12/turn               (no ring)

@: mighty, heroic
A: permanent stasis, dig shafts and tunnels, antennae 3, four strong arms, low
mp 1, robust 1
a: Dig, Shaft Self, Renounce Religion, Heroism


You were on level 9 of the Dungeon.
You worshipped Okawaru.
Okawaru was pleased with you.
You visited 2 branches of the dungeon, and saw 12 of its levels.

You collected 423 gold pieces.
You spent 144 gold pieces at shops.

Inventory:

Hand Weapons
 e - a +0 dagger of venom
 q - a +2 short sword of speed
 x - a +1 vampiric war axe (weapon)
Armour
 c - a +0 buckler (worn)
 t - a +1 crystal plate armour (worn)
Jewellery
 s - a +4 ring of evasion (left hand)
 w - an amulet of magic regeneration
Wands
 v - a wand of acid (28)
Scrolls
 a - a scroll of brand weapon {unknown}
 b - 2 scrolls of immolation
 f - a scroll of silence
 h - 3 scrolls of noise
 i - a scroll of torment
 m - a scroll of magic mapping
 u - 2 scrolls of enchant weapon
Potions
 g - 2 potions of mutation
 j - a potion of brilliance
 k - a potion of flight
 n - a potion of curing


   Skills:
 * Level 6.0(11.0) Fighting
 - Level 6.5(11.5) Short Blades
 * Level 3.8(9.0) Axes
 - Level 1.5(7.9) Maces & Flails
 * Level 11.5(16.5) Armour
 * Level 8.1(13.1) Shields
 * Level 3.6 Invocations
 - Level 1.0 Evocations


You had 9 spell levels left.
You didn't know any spells.
Your spell library contained the following spells:

 Spells                   Type           Power      Damage    Failure   Level
 Apportation              Tloc           0%         N/A       100%        1
 Pain                     Necr           0%         1d4       100%        1
 Sting                    Tmut/Pois      0%         1d3       100%        1
 Poisonous Vapours        Pois/Air       0%         N/A       100%        2
 Conjure Flame            Conj/Fire      0%         6-21      100%        3
 Ignite Poison            Fire/Tmut/Pois 0%         N/A       100%        3
 Olgreb's Toxic Radiance  Pois           0%         N/A       100%        4
 Sticky Flame             Conj/Fire      0%         2d3       100%        4
 Agony                    Necr           0%         N/A       100%        5
 Alistair's Intoxication  Tmut/Pois      0%         N/A       100%        5
 Excruciating Wounds      Necr           0%         N/A       100%        5
 Invisibility             Hex            0%         N/A       100%        6


Dungeon Overview and Level Annotations

Branches:
Dungeon (11/15)            Temple (1/1) D:5             Orc (0/2) D:11
   Lair: D:8-11

Altars:
Ashenzari
Cheibriados
Dithmenos
Elyvilon
Fedhas
Gozag
Hepliaklqana
Makhleb
Nemelex Xobeh
Okawaru
Qazlal
Ru
Sif Muna
Trog
Uskayaw
Vehumet
Wu Jian
Xom
Yredelemnul
Zin
The Shining One

Shops:
D:3 :!*=   D:8 (

Annotations:
D:7 1 runed translucent door, Maggie
D:10 Sonja
D:11 exclusion: orange crystal statue


Innate Abilities, Weirdness & Mutations

You cannot be hasted, slowed, berserked, paralysed or teleported.
You can dig through walls and to a lower floor.
You have a pair of large antennae on your head. (SInv)
Your four strong arms can wield two-handed weapons with a shield.
Your magical capacity is low. (-10% MP)
You are robust. (+10% HP)


Message History

Unknown command.
You feel very mighty all of a sudden.
You feel sick.
The orc priest hits you but does no damage.
You gain the combat prowess of a mighty hero.
Okawaru will no longer gift you ammunition.
You feel sick.
You are no longer poisoned.
The orc priest hits you but does no damage.
You slash the orc priest!
The orc priest is almost dead.
The orc priest casts a cantrip, but nothing happens.
You completely miss the orc priest.
The orc priest is almost dead.
The orc warrior closely misses you.
The orc priest hits you but does no damage.
You closely miss the orc priest.
The orc priest is almost dead.
The orc warrior hits you from afar with a +0 glaive!
The orc priest hits you with a +0 short sword.
The orc warrior hits you from afar with a +0 glaive!
* * * LOW HITPOINT WARNING * * *
Your crystal plate armour prevents you from hitting the orc priest.
The orc priest is almost dead.
The orc priest calls down the wrath of Beogh upon you.
You resist with significant effort.
The orc warrior hits you from afar with a +0 glaive.
* * * LOW HITPOINT WARNING * * *
You closely miss the orc priest.
The orc priest is almost dead.
The orc priest barely misses you.
The orc warrior hits you but does no damage.
Unknown command.
Okay, then.
The orc priest mumbles some strange prayers to Beogh against you.
Pain shoots through your body!
* * * LOW HITPOINT WARNING * * *
The orc priest calls down the wrath of Beogh upon you.
Beogh smites you!
You die...

... .#
..# .#
.. #.#
#.##.#
..#.#
#.#.#
#...#
#@.#
#..#
#.>#
##o#
#o#
#o#
#.#
#o#
#o#


You could see an orc warrior, an orc priest and 2 orcs.

Vanquished Creatures
  Fannar (D:10)
  2 two-headed ogres
  A gargoyle (D:10)
  A wraith (D:11)
  3 fire bats (D:8)
  Duvessa (D:6)
  A hell hound (D:8)
  2 water moccasins
  An ice beast (D:7)
  A sky beast (D:7)
  2 black bears
  2 necrophages
  A centaur (D:6)
  2 kobold brigands (D:8)
  3 scorpions (D:6)
  Dowan (D:6)
  4 jellies
  A bullfrog zombie (D:5)
  2 hounds
  A gnoll shaman (D:4)
  7 orc priests
  A bullfrog skeleton (D:5)
  An iguana (D:7)
  A scorpion zombie (D:5)
  6 orc wizards
  A hound skeleton (D:4)
  5 gnolls
  5 adders
  A white imp (D:6)
  2 worms
  6 dart slugs
  16 orcs
  7 ball pythons
  4 giant cockroaches
  3 goblins
  6 hobgoblins
  4 jackals (D:1)
  4 quokkas
  3 bats
  5 frilled lizards
  6 kobolds
  6 rats
133 creatures vanquished.

Notes
Turn   | Place    | Note
-------+----------+-------------------------------------------
     0 | D:1      | ytrimaz the Formicid Fighter began the quest for the Orb.
     0 | D:1      | Reached XP level 1. HP: 18/18 MP: 1/1
   431 | D:1      | Reached XP level 2. HP: 23/24 MP: 2/2
   577 | D:1      | Reached XP level 3. HP: 29/29 MP: 3/3
   661 | D:1      | Reached skill level 4 in Armour
  1608 | D:2      | Found a shimmering blue altar of Sif Muna.
  1789 | D:2      | Reached XP level 4. HP: 34/35 MP: 4/4
  1915 | D:3      | Found Loeppech's Book Shop.
  2045 | D:3      | Found Cepa's General Store.
  2055 | D:3      | Bought a scroll of identify for 28 gold pieces
  2055 | D:3      | Bought a scroll of identify for 28 gold pieces
  2066 | D:3      | Found Baom's Jewellery Boutique.
  2198 | D:3      | Found a glowing golden altar of the Shining One.
  2331 | D:3      | Found a faded altar of an unknown god.
  2382 | D:3      | Found Ryh Ytow's Distillery.
  2388 | D:3      | Bought a potion of curing for 33 gold pieces
  2388 | D:3      | Bought a potion of heal wounds for 55 gold pieces
  2645 | D:4      | Reached skill level 5 in Armour
  2645 | D:4      | Reached XP level 5. HP: 40/41 MP: 5/5
  2669 | D:4      | Reached skill level 5 in Shields
  3149 | D:4      | Reached XP level 6. HP: 12/47 MP: 6/6
  3408 | D:4      | HP: 2/47 [poisoned by an orc wizard]
  3411 | D:4      | Gained mutation: Your body sometimes deteriorates upon
                  | taking damage. [potion of mutation]
  3411 | D:4      | Gained mutation: Your system is resistant to poisons.
                  | (rPois) [potion of mutation]
  3417 | D:4      | You fall into a shaft and drop 1 floor!
  3417 | D:5      | Entered Level 5 of the Dungeon
  3478 | D:5      | Reached skill level 6 in Armour
  4446 | D:4      | Found a glowing silver altar of Zin.
  4479 | D:4      | Reached XP level 7. HP: 22/52 MP: 7/7
  4689 | D:4      | Reached skill level 7 in Armour
  5481 | D:4      | Lost mutation: Your system is resistant to poisons. (rPois)
                  | [potion of mutation]
  5481 | D:4      | Lost mutation: Your body sometimes deteriorates upon taking
                  | damage. [potion of mutation]
  5481 | D:4      | Gained mutation: Your magical capacity is low. (-10% MP)
                  | [potion of mutation]
  5481 | D:4      | Gained mutation: You are robust. (+10% HP) [potion of
                  | mutation]
  5939 | D:5      | Reached skill level 1 in Short Blades
  6201 | D:5      | Found a staircase to the Ecumenical Temple.
  6216 | Temple   | Entered the Ecumenical Temple
  6927 | D:6      | Reached skill level 8 in Armour
  6927 | D:6      | Reached XP level 8. HP: 65/66 MP: 7/7
  7438 | D:6      | Noticed Duvessa
  7438 | D:6      | Noticed Dowan
  7450 | D:6      | Killed Dowan
  7467 | D:6      | Killed Duvessa
  7468 | D:6      | Reached skill level 9 in Armour
  8198 | D:6      | Noticed a two-headed ogre
  8252 | D:7      | Reached XP level 9. HP: 71/71 MP: 8/8
  8519 | D:7      | Found a faded altar of an unknown god.
  8519 | D:7      | Found an iron altar of Okawaru.
  8526 | D:7      | Found a burning altar of Makhleb.
  8529 | D:7      | Became a worshipper of Warmaster Okawaru
  8533 | D:7      | Found a faded altar of an unknown god.
  8534 | D:7      | Found a hazy altar of Hepliaklqana.
  8738 | D:7      | Found a runed translucent door.
  8745 | D:7      | Noticed Maggie
  8822 | D:7      | Noticed a two-headed ogre
  8872 | D:7      | Killed a two-headed ogre
  8872 | D:7      | Reached * piety under Okawaru
  8873 | D:7      | Reached skill level 5 in Short Blades
  8873 | D:7      | Reached skill level 10 in Armour
  8873 | D:7      | Reached skill level 1 in Evocations
  9429 | D:6      | Killed a two-headed ogre
  9430 | D:6      | Reached skill level 5 in Fighting
  9430 | D:6      | Reached skill level 1 in Invocations
  9430 | D:6      | Reached XP level 10. HP: 36/81 MP: 6/10
 10197 | D:8      | Found Uklur's Weapon Boutique.
 10353 | D:8      | Reached ** piety under Okawaru
 10354 | D:8      | Reached skill level 11 in Armour
 10437 | D:8      | Reached skill level 1 in Maces & Flails
 10937 | D:8      | Noticed a death yak
 10937 | D:8      | Noticed a death yak
 10963 | D:8      | Noticed a death yak
 10987 | D:8      | You fall into a shaft and drop 3 floors!
 11475 | D:11     | Noticed an orange crystal statue
 11533 | D:11     | Found a staircase to the Orcish Mines.
 11802 | D:11     | Noticed a gargoyle
 11845 | D:10     | Entered Level 10 of the Dungeon
 11858 | D:10     | Noticed a gargoyle
 11877 | D:10     | Killed a gargoyle
 12192 | D:10     | Noticed Fannar
 12218 | D:10     | HP: 2/83 [Fannar/refrigeration (14)]
 12233 | D:10     | Killed Fannar
 12233 | D:10     | Reached *** piety under Okawaru
 12517 | D:10     | Noticed Sonja
 12546 | D:9      | Killed from afar by an orc priest

Illustrated notes

Levels and vault maps discovered:
D:1:      lemuel_arrival_broad_hall, layout_basic, minmay_pentomino_z4
D:2:      layout_basic, basic_altar, nrook_uturn
D:3:      layout_rooms, lemuel_tele_altar, dilly_ecumenical_altar_fadedgnrine,
          serial_shops, nicolae_square_shop, nicolae_square_shop, shop,
          nicolae_shop_window_shopping, minmay_circle_x
D:4:      layout_basic, kennysheep_mini, minivault_24
D:5:      layout_basic, minmay_temple_entry_proselytizer
D:6:      layout_basic, grunt_ministairs_4, hellmonk_bongcloud_opening,
          uniq_duvessa
D:7:      layout_loops_ring, chequers_temple_overflow_minitemple,
          lightli_church_of_beogh, uniq_maggie
D:8:      layout_rooms, dpeg_lair_monsters, serial_shops,
          nicolae_shop_waterfront, st_stairs_13, hangedman_incinerator
D:9:      layout_basic
D:10:     layout_basic, mainiacjoe_overflow_24_doors, serial_curves,
          eino_curves_02, eino_curves_04, hangedman_feature_mirror, uniq_sonja,
          uniq_fannar
D:11:     layout_cave_pods, david_orc_3, minmay_protected_statue
Temple:   nicolae_temple_elliptical

Skill      XL: |  1  2  3  4  5  6  7  8  9 10 |
---------------+-------------------------------+-----
Shields        | 4 5 6 7 8 |  8.1
Armour         | 4 5 6 8 9 10 11 | 11.5
Short Blades   | 1 3 6 |  6.5
Fighting       | 4 5 6 |  6.0
Evocations     | 1 |  1.0
Invocations    | 1 3 |  3.6
Maces & Flails | 1 |  1.5
Axes           | 3 |  3.8

Action                   |  1- 3 |  4- 6 |  7- 9 | 10-12 || total
-------------------------+-------+-------+-------+-------++-------
Melee: War axe           |    83 |   190 |    11 |   111 ||   395
       Dagger            |       |       |   266 |   125 ||   391
       Short sword       |       |       |    38 |    14 ||    52
Invok: Heroism           |       |       |     1 |     5 ||     6
 Abil: Dig               |     1 |     1 |     2 |     5 ||     9
       Shaft Self        |       |     1 |       |     1 ||     2
Evoke: Wand              |       |       |     7 |       ||     7
  Use: Scroll            |       |     3 |    12 |       ||    15
       Potion            |       |     8 |     1 |     8 ||    17
 Stab: Paralysed         |       |       |    12 |       ||    12
       Invisible         |       |       |       |     4 ||     4
Armor: Scale mail        |    27 |       |       |       ||    27
       Plate armour      |     9 |    20 |       |       ||    29
       Crystal plate arm |       |   149 |   194 |   113 ||   456
Dodge: Dodged            |    35 |    49 |    67 |    80 ||   231
Block: Buckler           |    19 |    41 |    54 |    54 ||   168

Table legend: (Time is in decaauts)
 A = Elapsed time spent in this place.
 B = Non-inter-level travel time spent in this place.
 C = Inter-level travel time spent in this place.
 D = Time resting spent in this place.
 E = Time spent auto-exploring this place.
 F = Levels seen in this place.
 G = Mean time per level.
                   A        B        C        D        E       F      G
               +--------+--------+--------+--------+--------+-----+--------+
         Total |  12595 |  12258 |    337 |   3937 |   5736 |  12 | 1049.6 |
       Dungeon |  12365 |  12047 |    318 |   3937 |   5574 |  11 | 1124.1 |
        Temple |    229 |    210 |     19 |      0 |    162 |   1 |  229.0 |
               +--------+--------+--------+--------+--------+-----+--------+

Top non-repeatable levels by time:
     D:4: 2200 daAuts
     D:6: 1830 daAuts
     D:5: 1390 daAuts
     D:3: 1325 daAuts
     D:1: 1276 daAuts
     D:7: 1189 daAuts
     D:8: 973 daAuts
    D:11: 880 daAuts
    D:10: 691 daAuts
     D:2: 592 daAuts
  Temple: 229 daAuts
     D:9: 15 daAuts
